Map: Dusk Towers

Players

blackxored - Winner!

  • Race: Zerg Zerg
  • League: Diamond

EricMX

  • Race: Terran Terran
  • League: Diamond

VOD

Have the link to the VOD?

Description

Time

  • Played on: June 19, 2016, 8:54 p.m.
  • Length: 24:39
Show
View Real Time Build Order
Export as new Build Order

blackxored Zerg - Winner!

Build Orders: Hatch First 

Get SALT Encoding   

  12  0:01  Drone  
  13  0:09  Drone  
  14  0:17  Overlord  
  14  0:23  Extractor  
  14  0:24  Drone  
  15  0:37  Drone x2  
  17  1:00  Drone, Hatchery  
  17  1:02  Drone  
  18  1:15  Extractor  
  18  1:18  Spawning Pool  
  16  1:20  Drone x2  
  18  1:28  Drone  
  19  1:39  Overlord  
  19  1:49  Drone  
  20  2:05  Zergling x2  
  20  2:07  Queen  
  23  2:12  Zergling x2, Queen  
  23  2:13  Zergling x2  
  27  2:17  Metabolic Boost  
  27  2:21  Drone  
  28  2:31  Drone  
  29  2:42  Overlord, Hatchery  
  28  2:51  Drone x3  
  31  2:56  Queen  
  33  3:02  Pneumatized Carapace  
  33  3:08  Drone x2  
  35  3:13  Overlord  
  35  3:28  Drone x2  
  35  3:29  Drone x4  
  35  3:30  Drone  
  35  3:33  Drone  
  43  3:36  Drone  
  44  3:41  Queen  
  44  3:46  Overlord  
  46  3:58  Overlord  
  46  3:59  Overlord x2  
  46  4:04  Baneling Nest, Drone  
  46  4:08  Queen  
  46  4:09  Zergling x2  
  49  4:11  Zergling x2  
  49  4:13  Zergling x2  
  49  4:14  Zergling x2  
  52  4:19  Zergling x6  
  52  4:21  Zergling x2  
  52  4:23  Zergling x2  
  57  4:25  Zergling x2  
  58  4:32  Drone  
  59  4:42  Lair  
  59  4:45  Zergling x2  
  59  4:46  Zergling x12  
  59  4:49  Baneling  
  59  4:50  Baneling x4  
  59  4:51  Baneling  
  66  4:56  Spine Crawler  
  65  5:13  Drone x4  
  65  5:14  Drone x7  
  76  5:19  Baneling  
  76  5:20  Baneling x2  
  76  5:26  Overlord  
  76  5:29  Overlord  
  76  5:40  Evolution Chamber  
  76  5:42  Drone x4  
  79  5:43  Extractor, Evolution Chamber  
  79  5:46  Overseer  
  77  5:56  Drone x2  
  80  5:57  Drone x4  
  80  6:04  Zergling x10  
  85  6:05  Zergling x8  
  85  6:09  Drone  
  93  6:13  Extractor, Drone  
  93  6:15  Extractor, Drone x2  
  93  6:16  Drone  
  95  6:21  Drone x2  
  97  6:29  Centrifical Hooks  
  97  6:42  Overseer  
  97  6:46  Overlord x2  
  97  6:47  Overlord  
  97  7:03  Drone x2, Hatchery  
  97  7:04  Drone  
  97  7:07  Extractor, Drone x2  
  100  7:08  Extractor  
  100  7:09  Drone x6  
  100  7:10  Drone  
  105  7:15  Hatchery  
  104  7:29  Drone x2  
  107  7:30  Drone  
  107  7:36  Zerg Melee Weapons Level 1, Zerg Ground Armor Level 1  
  105  7:46  Queen  
  108  7:51  Drone  
  108  7:53  Spire, Overseer  
  107  8:07  Zergling x2  
  107  8:08  Zergling x32  
  107  8:33  Zergling x12  
  107  8:34  Zergling x10  
  116  8:35  Queen  
  118  8:55  Hatchery  
  117  9:04  Drone  
  118  9:23  Zergling x2  
  118  9:24  Zergling x26  
  132  9:33  Drone  
  133  9:40  Zergling x6  
  133  9:41  Overlord  
  133  9:42  Overlord x5  
  133  9:43  Overseer  
  136  9:45  Zerg Flyer Armor Level 1  
  136  9:52  Hatchery  
  136  9:54  Zerg Ground Armor Level 2, Zerg Melee Weapons Level 2  
  135  10:00  Drone  
  135  10:01  Zergling x2  
  135  10:02  Infestation Pit, Zergling x8  
  135  10:04  Baneling  
  135  10:05  Baneling x38  
  135  10:06  Extractor, Baneling x2  
  139  10:09  Extractor  
  138  10:16  Zergling x22  
  149  10:28  Drone x7  
  156  10:34  Drone x3  
  159  10:40  Hive  
  159  10:42  Corruptor  
  159  10:43  Corruptor x4  
  159  10:49  Extractor  
  168  10:54  Extractor  
  167  11:07  Drone  
  167  11:09  Drone x3  
  167  11:10  Drone x4  
  175  11:38  Drone  
  175  11:39  Drone x5  
  181  11:44  Zergling x2  
  181  11:45  Zergling x28  
  181  11:46  Overlord x2  
  181  11:47  Overlord x4  
  196  11:49  Zerg Flyer Armor Level 2  
  196  11:54  Spine Crawler x2  
  196  11:55  Spine Crawler  
  196  11:56  Spine Crawler  
  196  11:57  Spore Crawler  
  196  12:00  Spine Crawler  
  189  12:10  Hatchery  
  189  12:13  Extractor  
  163  12:23  Zergling x42  
  163  12:24  Zergling x2  
  163  12:25  Baneling x14  
  163  12:26  Baneling x12  
  183  12:41  Baneling x7  
  183  12:42  Zergling x12, Baneling x4  
  183  12:43  Zergling x10  
  194  12:46  Zerg Melee Weapons Level 3, Zerg Ground Armor Level 3  
  194  12:47  Adrenal Glands  
  194  12:49  Ultralisk Cavern  
  189  13:01  Zergling x2  
  189  13:02  Zergling x20  
  194  13:08  Corruptor x2  
  197  13:15  Drone  
  197  13:39  Zergling x30  
  197  13:40  Zergling x4  
  169  13:55  Zergling x22  
  172  13:58  Chitinous Plating  
  168  14:42  Ultralisk x2  
  168  14:43  Ultralisk x3  
  197  14:56  Zergling x4  
  197  14:57  Zergling x4  
  174  15:14  Zergling x2  
  174  15:15  Zergling x42  
  174  15:18  Baneling x6  
  174  15:19  Baneling x6  
  174  15:20  Baneling  
  191  15:26  Zergling x8  
  188  15:44  Extractor  
  188  15:46  Corruptor x4  
  188  15:47  Corruptor x4  
  197  15:56  Zergling x6  
  198  16:12  Overseer  
  198  16:16  Drone x2  
  194  16:31  Corruptor x3  
  200  16:39  Zerg Flyer Armor Level 3  
  200  16:57  Extractor, Hatchery  
  200  17:00  Extractor  
  197  17:14  Drone  
  198  17:15  Nydus Network  
  197  17:39  Spire  
  197  17:40  Drone x4  
  200  17:47  Overlord  
  198  18:35  Nydus Canal  
  172  19:10  Ultralisk x4  
  190  19:23  Ultralisk x3  
  198  19:25  Zergling x4  
  179  20:00  Corruptor x6  
  179  20:02  Ultralisk x3  
  183  20:08  Zergling x2  
  183  20:09  Zergling x36  
  191  20:26  Overlord  
  189  20:30  Overlord  
  186  20:46  Zergling x26, Spore Crawler  
  186  20:47  Zergling x2  
  199  20:55  Overlord  
  199  21:12  Nydus Canal  
  199  21:50  Greater Spire  
  199  21:51  Zerg Flyer Weapons Level 1  
  199  22:04  Nydus Canal  
  199  22:18  Nydus Canal  
  174  23:15  Brood Lord x5  
  174  23:16  Corruptor x7  
  194  23:39  Nydus Canal  
  194  23:41  Zergling x2  
  194  23:42  Zergling x10  
  189  24:31  Nydus Canal  
Show
View Real Time Build Order
Export as new Build Order

EricMX Terran 

Build Orders: MMM Bio 

Get SALT Encoding   

  12  0:01  SCV  
  13  0:13  SCV  
  14  0:17  Supply Depot  
  14  0:25  SCV  
  15  0:39  SCV  
  15  0:40  Barracks  
  16  0:47  Refinery  
  16  0:51  SCV  
  17  1:03  SCV  
  18  1:15  SCV  
  19  1:27  Orbital Command  
  19  1:40  Command Center  
  19  1:49  Supply Depot  
  19  1:53  SCV  
  20  1:55  Barracks Reactor  
  20  2:05  SCV  
  21  2:15  Factory  
  21  2:17  SCV  
  22  2:23  Refinery  
  22  2:29  SCV  
  23  2:30  Marine  
  23  2:31  Marine  
  25  2:38  Barracks  
  25  2:41  SCV  
  26  2:53  SCV  
  26  2:54  Marine x2  
  30  3:05  SCV  
  30  3:08  Factory Tech Lab  
  30  3:10  Starport  
  30  3:13  Marine x2  
  30  3:17  Orbital Command  
  32  3:23  Supply Depot  
  32  3:26  Barracks Tech Lab  
  32  3:28  Barracks  
  32  3:32  Siege Tank  
  35  3:36  SCV  
  36  3:44  SCV  
  36  3:47  Stimpack  
  36  3:48  SCV  
  38  3:54  Barracks  
  38  3:56  SCV  
  38  4:00  Starport Reactor, SCV  
  38  4:01  Marine x2  
  42  4:08  SCV  
  43  4:12  SCV  
  44  4:22  Barracks Tech Lab  
  44  4:27  SCV x2  
  46  4:34  Command Center  
  46  4:39  SCV x2  
  46  4:43  Barracks Reactor  
  46  4:44  Combat Shields  
  48  4:47  Medivac  
  48  4:51  SCV x2  
  52  4:54  Refinery  
  52  4:55  Refinery  
  52  4:57  Supply Depot  
  52  5:03  SCV x2  
  54  5:12  Supply Depot  
  54  5:19  Siege Tank, SCV x2  
  59  5:26  Engineering Bay  
  59  5:29  Engineering Bay  
  59  5:31  SCV x2  
  59  5:32  Marine  
  59  5:33  Marine x2  
  59  5:34  Medivac  
  66  5:36  Marine x2, Marauder  
  70  5:42  Supply Depot  
  70  5:46  Orbital Command  
  70  5:51  Marine x2, SCV x2  
  74  6:00  Missile Turret  
  74  6:03  Missile Turret  
  74  6:05  Terran Infantry Weapons Level 1  
  74  6:06  Terran Infantry Armor Level 1  
  74  6:08  SCV x2  
  76  6:12  Supply Depot  
  76  6:14  Marauder x2, Concussive Shells  
  76  6:15  Marine x2  
  76  6:16  Marine x2  
  84  6:22  Barracks  
  84  6:23  SCV x2  
  86  6:25  Orbital Command  
  86  6:33  Siege Tank  
  86  6:34  Medivac x2  
  93  6:42  Marine  
  93  6:43  Marine x2  
  93  6:44  Marine  
  93  6:45  Marauder  
  93  6:46  SCV  
  93  6:47  SCV  
  101  6:49  Supply Depot  
  101  6:53  Supply Depot  
  101  7:10  SCV x3  
  104  7:23  SCV x3  
  106  7:35  SCV x3  
  109  7:38  Marine x2  
  109  7:39  Marine x2, Marauder x2  
  117  8:08  SCV  
  117  8:10  SCV  
  117  8:31  SCV x2  
  117  8:32  Marine x2, Marauder x2, SCV  
  117  8:34  Marine x2  
  117  8:39  Medivac  
  117  9:13  Marauder, Marine x3, Siege Tank  
  125  9:18  Command Center  
  125  9:24  Supply Depot  
  125  9:25  Supply Depot  
  125  9:26  Supply Depot x2  
  125  9:27  Supply Depot  
  125  9:28  Supply Depot  
  125  9:33  Barracks Reactor  
  125  9:39  Barracks  
  125  9:41  Barracks  
  125  9:42  Supply Depot, Barracks  
  125  9:46  Marauder x2, Marine x3, Medivac, Barracks, SCV  
  125  9:48  Armory  
  125  9:49  Supply Depot x3  
  125  9:50  Supply Depot  
  125  9:51  Barracks  
  125  9:52  Starport  
  135  9:53  Starport  
  135  9:56  Refinery  
  135  9:57  Siege Tank  
  138  10:01  Refinery  
  138  10:08  Marauder  
  138  10:09  Marine x2  
  138  10:10  Marine x4  
  138  10:13  Supply Depot  
  146  10:28  Missile Turret  
  146  10:32  Fusion Core  
  146  10:35  Barracks Reactor, Marine x2  
  148  10:36  Barracks Reactor  
  148  10:37  Barracks Tech Lab x2  
  148  10:38  Barracks Tech Lab  
  148  10:40  Marine x2, Marauder x2  
  148  10:41  Liberator x2  
  148  10:42  Starport Reactor  
  154  10:43  Starport Reactor  
  154  10:45  Starport Tech Lab  
  154  10:49  Missile Turret  
  154  10:54  Marine x5  
  159  10:58  Marine  
  159  10:59  Missile Turret  
  159  11:00  Marauder  
  159  11:01  Marauder x3  
  159  11:03  Liberator x3  
  174  11:04  Terran Infantry Weapons Level 2  
  174  11:05  Terran Infantry Armor Level 2  
  174  11:06  Orbital Command  
  174  11:12  Marine x2  
  174  11:14  Command Center  
  174  11:15  Marine x3  
  174  11:16  Marauder  
  181  11:22  Marauder  
  181  11:23  Marauder  
  194  11:39  Command Center  
  194  11:44  Marauder  
  196  11:52  Marine x2, Marauder  
  199  12:28  Marine  
  199  12:39  Marine x2  
  199  12:40  Marine  
  199  12:41  Marine x3  
  199  12:43  Marine  
  199  12:44  Marine x3  
  196  12:45  Marine x2  
  196  12:50  Orbital Command  
  192  12:52  Marine x3  
  117  13:45  Marine x4, Marauder x3  
  85  13:56  Marine, Marauder x2  
  85  13:57  Marine x5  
  85  13:58  Siege Tank  
  85  13:59  Viking  
  85  14:00  Viking x4  
  108  14:03  Marine x4  
  108  14:06  Marauder  
  108  14:07  Marauder x2  
  116  14:14  Marine  
  116  14:15  Marine x5  
  120  14:17  Marine x2  
  120  14:21  Marine x4  
  126  14:27  Marine x2  
  126  14:28  Marine  
  126  14:29  Viking  
  126  14:30  Viking x4, Siege Tank  
  142  14:44  Marine  
  142  14:45  Marauder x2  
  147  14:57  Orbital Command  
  147  15:03  Siege Tank  
  142  15:28  Terran Infantry Weapons Level 3  
  142  15:29  Terran Infantry Armor Level 3  
  142  15:30  Viking x4  
  142  15:31  Viking  
  139  15:44  Marine, Marauder x5  
  139  15:45  Marine  
  149  15:54  Widow Mine  
  151  16:00  Viking x2  
  155  16:05  Marine x3, Marauder x2  
  155  16:06  Marine x2, Marauder x2  
  168  16:15  Marauder  
  170  16:22  Widow Mine  
  166  16:27  Marauder  
  164  16:35  Marine, Marauder  
  164  16:36  Marine x3, Marauder x3  
  170  16:44  Marine  
  171  16:48  Marauder  
  173  17:28  Marine x3, Marauder  
  173  17:29  Marine x8, Marauder x2  
  189  17:30  Marine  
  191  17:46  Marine x4  
  195  17:53  Terran Ship Weapons Level 1  
  195  17:56  Refinery  
  195  17:58  Refinery  
  189  18:26  Supply Depot  
  189  18:28  Supply Depot  
  189  18:29  Supply Depot  
  189  18:30  Supply Depot  
  189  18:33  Supply Depot  
  132  19:28  Marauder x3  
  132  19:29  Marine x2, Marauder x2  
  132  19:30  Marine x3  
  147  19:38  Orbital Command  
  147  19:48  Marine  
  147  19:49  Marine x4, Marauder  
  147  19:50  Marauder x4  
  105  20:06  Orbital Command  
  77  20:11  Marauder  
  77  20:13  Marauder  
  44  20:45  Marine x4  
  44  20:46  Marine x2  
  50  20:52  SCV x2  
  52  20:59  Orbital Command  
  53  21:04  SCV x2  
  53  21:11  Marine x4  
  54  21:12  Marine x3  
  54  21:16  SCV x2  
  63  21:24  Marine x4  
  63  21:25  Marine x2  
  69  21:28  SCV  
  69  21:29  Marine x4  
  74  21:39  Marine  
  75  21:42  Marauder  
  75  21:43  Marauder x2  
  75  21:45  Orbital Command  
  75  21:46  Marine, Marauder  
  84  22:01  Factory Reactor  
  84  22:03  Medivac  
  84  22:04  Medivac  
  88  22:10  SCV x2  
  88  22:13  SCV  
  86  22:45  Marine x3, Marauder x2  
  86  22:46  Marine x4  
  96  23:09  Orbital Command  
  93  23:43  Orbital Command  
  93  23:59  Marine x4  
  96  24:09  Marine  
  98  24:10  Marine  
Tags
 
Composition
MMM Bio
Matchup
TvZ
Add a new tag
Caveats
  • Supply blocks, unpowered buildings, or Contaminate may cause inaccurate times.
  • Supply counts are checked every 10 seconds.